 Dungeon Crawl Stone Soup version 0.32-a0-913-g739538afd8 (webtiles) character file.

Game seed: 4481931371089581684

8 Grimmash the Conjurer (level 2, 0/20 HPs)
             Began as a Demonspawn Conjurer on Apr 8, 2024.
             Slain by a kobold
             ... wielding a +0 dagger
              (1 damage)
             ... on level 1 of the Dungeon.
             The game lasted 00:00:34 (226 turns).

Grimmash the Conjurer (Demonspawn Conjurer)          Turns: 226, Time: 00:00:34

Health: 0/20       AC:  2    Str:  7    XL:     2   Next: 0%
Magic:  0/5        EV: 11    Int: 18    God:
Gold:   11         SH:  0    Dex: 11    Spells: 4/5 levels left

rFire   . . .        (no weapon)
rCold   . . .        (no shield)
rNeg    . . .        a - +0 robe
rPois   .            (no helmet)
rElec   .            (no cloak)
rCorr   .            (no gloves)
SInv    .            (no boots)
Will    .....        (no amulet)
Stlth   ++           (no ring)
HPRegen 0.23/turn    (no ring)
MPRegen 0.09/turn

%: no passive effects
@: very slightly contaminated
A: demonic magic 1
a: no special abilities


You were on level 1 of the Dungeon.
You visited 1 branch of the dungeon, and saw 1 of its levels.

You collected 11 gold pieces.

Inventory:

Armour
 a - a +0 robe (worn)
Scrolls
 c - a scroll of enchant weapon
 d - 3 scrolls of identify
Potions
 b - a potion of magic


   Skills:
 * Level 0.4 Fighting
 * Level 0.3 Armour
 * Level 1.7 Dodging
 + Level 1.7 Stealth
 * Level 2.0 Spellcasting
 * Level 4.2 Conjurations


You had 4 spell levels left.
You knew the following spells:

 Your Spells              Type           Power      Damage    Failure   Level
a - Magic Dart            Conj           68%        1d6       3%          1

Your spell library contained the following spells:

 Spells                   Type           Power      Damage    Failure   Level
 Searing Ray              Conj           34%        2d5       4%          2
 Fulminant Prism          Conj/Alch      4%         3d5       58%         4
 Iskenderun's Mystic Bla Conj/Tloc 9%             2d4        (+2d1     58%         4


Dungeon Overview and Level Annotations

Branches:
Dungeon (1/15)

Altars:


Innate Abilities, Weirdness & Mutations

Spells you cast may paralyse adjacent enemies.


Message History

A giant cockroach comes into view.
The bat barely misses you.
An endoplasm comes into view.
Found a robe.
The rat twitches its whiskers.
As you read the scroll labelled UCEPPE NOXKE, it crumbles to dust.
It is a scroll of identify.
c - a scroll of enchant weapon The quokka is no longer paralysed.
Unknown command.
Okay, then.
Found a stone staircase leading down.
Casting: Magic Dart (safe; 3% risk of failure)
Confirm with . or Enter, or press ? or * to list all spells.
Aiming: Magic Dart (safe; 3% risk of failure)
Press: ? - help, Shift-Dir - straight line, f/p - rat
Aim: a rat (severely wounded, 100% to hit)
The magic dart hits the kobold.
The kobold is heavily wounded.
Malevolent energies surge around you.
The endoplasm quivers.
The kobold hits you with a +0 dagger.
* * * LOW HITPOINT WARNING * * *
Unknown command.
Casting: Magic Dart (safe; 3% risk of failure)
Confirm with . or Enter, or press ? or * to list all spells.
Aiming: Magic Dart (safe; 3% risk of failure)
Press: ? - help, Shift-Dir - straight line, f - kobold
Aim: a kobold, wielding a +0 dagger (heavily wounded, 100% to hit)
You miscast Magic Dart.
You are very lightly contaminated with residual magic.
Nothing appears to happen.
The kobold hits you but does no damage.
Casting: Magic Dart (safe; 3% risk of failure)
Confirm with . or Enter, or press ? or * to list all spells.
Aiming: Magic Dart (safe; 3% risk of failure)
Press: ? - help, Shift-Dir - straight line, f/p - kobold
Aim: a kobold, wielding a +0 dagger (heavily wounded, 100% to hit)
You miscast Magic Dart.
Nothing appears to happen.
The kobold hits you with a +0 dagger.
You die...

#......r.....#######
#.....(......#
#####.#...####
#.##### . #.[##
###.. ##..####
......
#.....[#####.J....
#....#r.##........
#......B##@.......
###...gSbK........
#....####...B.[.
#....# ##.....
#....# ###.> #....#
# ######


You could see an endoplasm, a giant cockroach (asleep), a goblin, a bat, a ball
python and a kobold.

Vanquished Creatures
  A dart slug (D:1)
  An endoplasm (D:1)
  A giant cockroach (D:1)
  A goblin (D:1)
  A hobgoblin (D:1)
5 creatures vanquished.

Notes
Turn   | Place    | Note
-------+----------+-------------------------------------------
     0 | D:1      | Grimmash the Demonspawn Conjurer began the quest for the
                  | Orb.
     0 | D:1      | Reached XP level 1. HP: 13/13 MP: 3/3
   168 | D:1      | Gained mutation: Spells you cast may paralyse adjacent
                  | enemies. [demonic ancestry]
   168 | D:1      | Reached XP level 2. HP: 20/20 MP: 0/5
   215 | D:1      | HP: 1/20 [bat (1)]
   224 | D:1      | HP: 1/20 [kobold/+0 dagger (2)]
   226 | D:1      | Slain by a kobold

Illustrated notes

Levels and vault maps discovered:
D:1:      scummos_arrival_star, layout_basic, serial_shops, shop

Action                     || total
---------------------------++-------
  Melee: Unarmed           ||     4
   Cast: Magic Dart        ||    13
    Use: Scroll            ||     1
   Stab: Paralysed         ||     3
 Armour: Robe              ||    29
  Dodge: Dodged            ||    13

Table legend: (Time is in decaauts)
 A = Elapsed time spent in this place.
 B = Non-inter-level travel time spent in this place.
 C = Inter-level travel time spent in this place.
 D = Time resting spent in this place.
 E = Time spent auto-exploring this place.
 F = Levels seen in this place.
 G = Mean time per level.
                   A        B        C        D        E       F      G
               +--------+--------+--------+--------+--------+-----+--------+
         Total |    226 |    226 |      0 |      0 |    148 |   1 |  226.0 |
       Dungeon |    226 |    226 |      0 |      0 |    148 |   1 |  226.0 |
               +--------+--------+--------+--------+--------+-----+--------+

Top non-repeatable levels by time:
     D:1: 226 daAuts
